AoeStats
← catchchez

Arena

504462118Analyzed
1v1 RM · 29d ago on Sep 5, 2026· 24m 41s· 2 players
Game mode
Random Map
Map size
Tiny (2 player)
Population
200
Speed
Normal
Resources
Standard
Victory
Conquest
Starting age
Dark Age
Ending age
Imperial Age
RankedLock teamsTeams togetherTeam positionsShared explorationLock speedFull tech treeHidden civsTurbo modeCheats
Victory
Defeat
🇺🇸 Poles · United States
739
+17
🇮🇳 Magyars · India
765
-17
LaconiaFalls
3:36 Loom
12:11 Feudal Age
17:24 Castle Age
16:45 Forging
16:35 Horse Collar
17:04 Double-Bit Axe
17:20 Man-at-Arms
20:07 Long Swordsman
catchchez
1:33 Loom
11:01 Feudal Age
13:21 Double-Bit Axe
21:06 Castle Age
21:13 Fletching
21:10 Crossbowman
Connection lost

Rejoining the realm…

Still unreachable

The connection could not be restored.

Session expired

The server has moved on; the page needs a fresh start.